[Event "Live Chess"]
[Site "Chess.com"]
[Date "2024.06.02"]
[Round "-"]
[White "KyryloPoluliakh"]
[Black "CheckThis4"]
[Result "0-1"]
[WhiteElo "1544"]
[BlackElo "2694"]
[TimeControl "300"]
[EndTime "1:17:18 PDT"]
[Termination "CheckThis4 won by checkmate"]

1. c4 e5 2. Nc3 Nc6 3. g3 f5 4.
Bg2 Nf6 5. e3 Bc5 6. Nge2 e4 7.
O-O O-O 8. d3 exd3 9. Qxd3 d6 10. Nd5 Ne5 11. Nxf6+ Qxf6 12. Qd1 c6 13. Qc2 Be6 14.
Nf4 Bxc4 15. Rd1 Bf7 16. Bd2 g5 17. Nh3 Bh5 18. Rdc1 Nf3+ 19. Bxf3 Bxf3 20. Bc3 Qh6 21. Qb3+ Rf7 22. Nxg5 Qxg5 23. Bd2 Qh6 24. h4 Qg6 25. Bc3 Qg4 26. Kh2 Bd5 27. Qd1 Re8 28. Qxg4+ fxg4 29. Bd4 Rxf2+ 30. Kg1 Rg2+ 31. Kf1 Rf8+ 32. Ke1 Bb4+ 33. Bc3 Bc4 34. Bxb4 Rf1# 0-1

[Event "Live Chess"]
[Site "Chess.com"]
[Date "2024.06.02"]
[Round "-"]
[White "Duke_of_Bebington"]
[Black "jimwad"]
[Result "1-0"]
[WhiteElo "1676"]
[BlackElo "1314"]
[TimeControl "300"]
[EndTime "1:17:49 PDT"]
[Termination "Duke_of_Bebington won by resignation"]

1. e4 e5 2. Nf3 Nc6 3. Bc4 Bc5 4. b4 Bxb4 5. c3 Bc5 6. d4 exd4 7. O-O dxc3 8. Bxf7+ Kf8 9. Qd5 Bd6 10. Bxg8 Rxg8 11. Ng5 Qf6 12. Nxh7+ 1-0

[Event "Live Chess"]
[Site "Chess.com"]
[Date "2024.06.02"]
[Round "-"]
[White "imchessive"]
[Black "Dhaydon19"]
[Result "0-1"]
[WhiteElo "1584"]
[BlackElo "2628"]
[TimeControl "300"]
[EndTime "1:17:57 PDT"]
[Termination "Dhaydon19 won by resignation"]

1. d4 e6 2. c4 d5 3. Nf3 Nf6 4. g3 dxc4 5. Ne5 c5 6. Qa4+ Nbd7 7. Qxc4 cxd4 8. Qxd4 Bc5 9. Qc3 Bxf2+ 10. Kd1 Nxe5+ 11. Bd2 Bd4 12. Qb4 Nc6 13. Qa3 Ne4 14. Bg2 Nf2+ 15. Ke1 Nxh1 16. Bxh1 Qe7 17. Bxc6+ bxc6 18. Qa4 Qc5 19. Bb4 Qb5 20. Qa3 a5 21. Bd6 Bxb2 22. Nc3 Bxa3 23. Nxb5 cxb5 0-1

[Event "Live Chess"]
[Site "Chess.com"]
[Date "2024.06.02"]
[Round "-"]
[White "Ocelot32"]
[Black "GoldsmanB"]
[Result "1-0"]
[WhiteElo "1379"]
[BlackElo "1102"]
[TimeControl "300"]
[EndTime "1:18:13 PDT"]
[Termination "Ocelot32 won by checkmate"]

1. e4 e6 2. d4 d5 3. Bd3 c5 4. exd5 exd5 5. c3 Nc6 6. Nf3 Nf6 7. O-O Bd6 8. Re1+ Be6 9. Ng5 Qe7 10. Bf5 Nd8 11. Nd2 Qd7 12. Nxe6 fxe6 13. Bc2 O-O 14. Nf3 b6 15. Bg5 Be7 16. Bh4 Ne8 17. Bxe7 Qxe7 18. Qd3 g6 19. Ne5 Nf7 20. Nxg6 hxg6 21. Qxg6+ Kh8 22.
Qh7# 1-0

[Event "Live Chess"]
[Site "Chess.com"]
[Date "2024.06.02"]
[Round "-"]
[White "EdenHazard8"]
[Black "ProfPoisson"]
[Result "1-0"]
[WhiteElo "2189"]
[BlackElo "1348"]
[TimeControl "300"]
[EndTime "1:18:31 PDT"]
[Termination "EdenHazard8 won by resignation"]

1. e4 e5 2. Nf3 Nf6 3. Nxe5 Nxe4 4. Qe2 Qe7 5. Qxe4 d6 6. d4 dxe5 7. dxe5 Nc6 8. Nc3 Qxe5 9. Qxe5+ Nxe5 10. Bf4 f6 11. O-O-O Bf5 12. Nb5 Bd6 13. Rxd6 cxd6 14. Nxd6+ Ke7 15. Nxf5+ Ke6 16. Nxg7+ 1-0

[Event "Live Chess"]
[Site "Chess.com"]
[Date "2024.06.02"]
[Round "-"]
[White "Crowded_House"]
[Black "TheSmoulderingMaster"]
[Result "1-0"]
[WhiteElo "1667"]
[BlackElo "1735"]
[TimeControl "300"]
[EndTime "1:19:19 PDT"]
[Termination "Crowded_House won by resignation"]

1. d4 Nf6 2. Bg5 Ne4 3. Bh4 c5 4. Nd2 d5 5. Nxe4 dxe4 6. dxc5 Qa5+ 7. c3 Qxc5 8. Qd4 Qxd4 9. cxd4 Nc6 10. e3 Bg4 11. h3 Bh5 12. Bb5 O-O-O 13. Rc1 Rd6 14.
Bg3 Rg6 15. Ne2 Bxe2 16. Kxe2 e6 17. Bxc6 bxc6 18. Rxc6+ Kb7 19. Rhc1 Bb4 20. Rc7+ Kb6 21. Rxf7 Rc8 22. Rxc8 1-0

[Event "Live Chess"]
[Site "Chess.com"]
[Date "2024.06.02"]
[Round "-"]
[White "defenderalist"]
[Black "booktrunk"]
[Result "0-1"]
[WhiteElo "1536"]
[BlackElo "1509"]
[TimeControl "300"]
[EndTime "1:19:26 PDT"]
[Termination "booktrunk won by resignation"]

1. e4 b6 2. d4 e6 3. Nc3 Bb7 4. Bd3 h6 5. Nf3 Bb4 6. O-O Bxc3 7. bxc3 d6 8. e5 dxe5 9. Nxe5 Nd7 10. f4 Nxe5 11.
fxe5 Qe7 12. a4 Qd7 13. Qe2 Qd5 14. a5 bxa5 15. Ba3 Ne7 16. Bxe7 Kxe7 17. Rf2 Qd7 18. Rxa5 Rhb8 19. Ra1 Bc6 20. Raf1 Rf8 21. Qh5 Qe8 22. Qh4+ Kd7 23. c4 Rb8 24. Be4 Bxe4 25. Qxe4 Qe7 26. d5 exd5 27. cxd5 f6 28. Qa4+ Kd8 29. e6 Qc5 30. Qb4 Rxb4 0-1

[Event "Live Chess"]
[Site "Chess.com"]
[Date "2024.06.02"]
[Round "-"]
[White "AlanBstard10"]
[Black "NeilDruggan73"]
[Result "1/2-1/2"]
[WhiteElo "1203"]
[BlackElo "1711"]
[TimeControl "300"]
[EndTime "1:19:49 PDT"]
[Termination "Game drawn by repetition"]

1. Nf3 d6 2. d4 Nf6 3. c4 g6 4.
e3 Bg7 5. Be2 c6 6. b3 Nbd7 7.
Nbd2 a5 8. Rb1 O-O 9. Bb2 Nb6 10. c5 Nbd7 11. cxd6 exd6 12. O-O d5 13. Ne5 Ne4 14.
Nxe4 dxe4 15. Nxd7 Bxd7 16. f3 f5 17. fxe4 fxe4 18.
Rxf8+ Qxf8 19. Qf1 Qb4 20. Qe1 Qd6 21. Qg3 Qb4 22. Qe1 Qe7 23. Qd1 Rf8 24. d5 Bxb2 25. Rxb2 Qf6 26. Bc4 Qxb2 27. dxc6+ Kh8 28. cxd7 h5 29.
d8=Q Qf2+ 30. Kh1 Rxd8 31. Qxd8+ Kg7 32. Qd4+ Kh6 33. Qd1 Qxe3 34. h3 h4 35. Qe2 Qc1+ 36. Kh2 Qf4+ 37. Kg1 b6 38. Qf2 Qc1+ 39. Qf1 Qd2 40. Qf2 Qc1+ 41. Qf1 Qd2 42. Qf2 Qc1+ 1/2-1/2

[Event "Live Chess"]
[Site "Chess.com"]
[Date "2024.06.02"]
[Round "-"]
[White "silunn"]
[Black "JanMur7"]
[Result "0-1"]
[WhiteElo "2111"]
[BlackElo "2273"]
[TimeControl "300"]
[EndTime "1:19:50 PDT"]
[Termination "JanMur7 won by checkmate"]

1. e4 g6 2. d4 Bg7 3. Nc3 c5 4. Nf3 cxd4 5. Nxd4 Nc6 6. Be3 d6 7. Be2 Nf6 8. O-O O-O 9. a4 h5 10. Nb3 Ng4 11. Bxg4 Bxg4 12. f3 Be6 13. Nd4 Nxd4 14. Bxd4 Bxd4+ 15. Qxd4 Qb6 16. Qxb6 axb6 17. Rfd1 Rfc8 18.
Rd2 Rc4 19. Rad1 Rb4 20. b3 Ra5 21. Na2 Rbxa4 22. bxa4 Bxa2 23. Rd4 b5 24. axb5 Rxb5 25. Kf2 Rc5 26. R1d2 Be6 27. Rb4 b5 28. Ke3 Bc4 29. Rb2 Rc7 30. Rd1 Ra7 31. Rdb1 Ra3+ 32. Kd4 e5# 0-1

[Event "Live Chess"]
[Site "Chess.com"]
[Date "2024.06.02"]
[Round "-"]
[White "Isambard_Thomas"]
[Black "RichardABates"]
[Result "0-1"]
[WhiteElo "2156"]
[BlackElo "2373"]
[TimeControl "300"]
[EndTime "1:19:54 PDT"]
[Termination "RichardABates won by resignation"]

1. d4 Nf6 2. Nf3 g6 3. Bg5 Bg7 4. e3 O-O 5. Bd3 d6 6. Nbd2 Nbd7 7. Qe2 e5 8. dxe5 dxe5 9. h4 h5 10. O-O-O Qe7 11. Ne4 a5 12. Kb1 a4 13. a3 Nc5 14.
Nxf6+ Bxf6 15. Bxf6 Qxf6 16. Ng5 c6 17. Bc4 b5 18.
Rd6 Qxd6 0-1

[Event "Live Chess"]
[Site "Chess.com"]
[Date "2024.06.02"]
[Round "-"]
[White "juniortay"]
[Black "KeithArkell"]
[Result "0-1"]
[WhiteElo "2377"]
[BlackElo "2405"]
[TimeControl "300"]
[EndTime "1:20:06 PDT"]
[Termination "KeithArkell won by resignation"]

1. e4 c6 2. Nf3 d5 3. exd5 cxd5 4. Ne5 Nf6 5. d4 Nc6 6. Bb5 Bd7 7. Nxd7 Qxd7 8. c3 e6 9. O-O Be7 10. Nd2 O-O 11. Qe2 g6 12. f4 a6 13. Bd3 b5 14. a3 Rfe8 15. Nf3 Qc7 16. Ne5 Na5 17. Bd2 Nc4 18. Rae1 Nxb2 19. Nxf7 Kxf7 20. Qxe6+ Kg7 21. f5 Bd6 22. fxg6 Rxe6 23. Rxe6 Nxd3 24. Rfxf6 Bxh2+ 25. Kh1 Bf4 0-1

[Event "Live Chess"]
[Site "Chess.com"]
[Date "2024.06.02"]
[Round "-"]
[White "NottheBishopSacrifice"]
[Black "chessgoatpawel"]
[Result "1/2-1/2"]
[WhiteElo "2305"]
[BlackElo "2068"]
[TimeControl "300"]
[EndTime "1:21:06 PDT"]
[Termination "Game drawn - insufficient material"]

1. g3 g6 2. Bg2 Bg7 3. Nf3 Nf6 4. O-O O-O 5. d4 d5 6. b4 Nc6 7. b5 Nb8 8. a4 c6 9. Ba3 Re8 10. Nbd2 a6 11. bxc6 Nxc6 12. Rb1 Qa5 13. c4 Qc3 14. Bb2 Qa5 15. cxd5 Nxd5 16. Nc4 Qb4 17. Qc2 Bf5 18.
e4 Bxe4 19. Qxe4 Qxc4 20. Nd2 Qb4 21. Bc1 Nc3 22. Qxc6 Nxb1 23. Qxb7 Qxb7 24. Bxb7 Rab8 25. Bxa6 Nxd2 26. Bxd2 Bxd4 27. Bb5 Red8 28. Bb4 e6 29. Rc1 Rdc8 30. Rd1 Rd8 31. Kg2 Bg7 32. Rc1 Rbc8 33. Rb1 Rc2 34. a5 Rb2 35. Rxb2 Bxb2 36. a6 Bd4 37. Ba5 Rb8 38. Bd3 Rb2 39. Be1 Ra2 40. Kf3 Kg7 41. Be2 Kf6 42. Bb4 Ba7 43. Bc3+ e5 44. Bb5 Rxf2+ 45. Ke4 Rxh2 46. Bxe5+ Kg5 47. Bf4+ Kh5 48. g4+ Kxg4 49. Bxh2 f5+ 50. Kd3 f4 51. Ke2 f3+ 52. Kf1 Kh3 53. Bg1 Bb8 54. a7 Bxa7 55. Bxa7 g5 56. Bd7+ g4 57. Kf2 h5 58. Bb8 Kh4 59.
Bg3+ Kh3 60. Bf4 h4 61. Ke3 Kg2 62. Bxg4 f2 63. Bf3+ Kg1 64. Be2 f1=Q 65. Bxf1 Kxf1 66. Kf3 Kg1 67. Kg4 h3 68. Be3+ Kh1 69. Ba7 h2 70.
Bb8 Kg2 71. Bxh2 1/2-1/2

[Event "Live Chess"]
[Site "Chess.com"]
[Date "2024.06.02"]
[Round "-"]
[White "ameetghasi100"]
[Black "Bradfield133"]
[Result "1-0"]
[WhiteElo "2792"]
[BlackElo "1870"]
[TimeControl "300"]
[EndTime "1:21:15 PDT"]
[Termination "ameetghasi100 won on time"]

1. c4 c5 2. d4 cxd4 3. Nf3 Nc6 4. Nxd4 g6 5. Nc3 Bg7 6. Be3 Nf6 7. h3 O-O 8. Qd2 d5 9. Rd1 e6 10. g4 Ne5 11. b3 dxc4 12. f4 Nc6 13. Bg2 Nd5 14.
Nxd5 exd5 15. bxc4 Nxd4 16. Bxd4 Bxd4 17. Qxd4 Qa5+ 18. Qd2 Qxd2+ 19. Rxd2 dxc4 20. Kf2 Rb8 21. a4 Be6 22. Rb1 b6 23. Ke3 Rfe8 24. Kf2 Red8 25. Rc2 Rbc8 26. Be4 f5 27. Bf3 fxg4 28. hxg4 Rd4 29. e3 Rd3 30. e4 c3 31. f5 Bc4 32.
e5 gxf5 33. gxf5 Rxf3+ 34. Kxf3 Bd3 35. Rbc1 Bxc2 36. Rxc2 Rc4 37. Ke3 Kf7 38. Kd3 Rxa4 39. Rh2 Kg7 40. Rg2+ Kf7 41. Rg5 Rf4 42. Kxc3 a5 43.
Rh5 1-0

[Event "Live Chess"]
[Site "Chess.com"]
[Date "2024.06.02"]
[Round "-"]
[White "WeakOldFinished"]
[Black "gunslinger222"]
[Result "0-1"]
[WhiteElo "2151"]
[BlackElo "2264"]
[TimeControl "300"]
[EndTime "1:21:17 PDT"]
[Termination "gunslinger222 won by resignation"]

1. d4 Nf6 2. Nc3 d5 3. e4 e6 4. e5 Nfd7 5. Qh5 g6 6. Qg4 f5 7. exf6 Nxf6 8. Qh4 Be7 9. Bg5 O-O 10. Bd3 c5 11. Nf3 c4 12. Be2 Nc6 13. O-O-O b5 14. Ne5 Bd7 15. Qh6 Be8 16. h4 b4 17. Nb1 Nxe5 18.
dxe5 Ne4 19. Bxe7 Qxe7 20. f3 Nf2 21. h5 Nxh1 22. Rxh1 gxh5 23. f4 Rf5 24. Bxh5 Bxh5 25. Rxh5 Rxh5 26. Qxh5 Qf7 27. g3 Qxh5 0-1

[Event "Live Chess"]
[Site "Chess.com"]
[Date "2024.06.02"]
[Round "-"]
[White "MaksymYurii"]
[Black "JohanKjeldahl"]
[Result "0-1"]
[WhiteElo "982"]
[BlackElo "1849"]
[TimeControl "300"]
[EndTime "1:21:26 PDT"]
[Termination "JohanKjeldahl won by resignation"]

1. e4 c5 2. Nf3 e6 3. d4 cxd4 4. Nxd4 Nc6 5. Nf3 Nf6 6. Bb5 Bc5 7. O-O O-O 8. e5 Nd5 9. Be3 Bxe3 10. fxe3 Nxe3 11. Kh1 Nxd1 12. Rxd1 Qb6 13. Nc3 a6 14.
Bd3 Qxb2 15. Ne2 b5 16. Ng5 h6 17. Nh7 Qxe5 18. Nxf8 Kxf8 19. Ng3 Bb7 20. Re1 Qd4 21.
Red1 Qf6 22. Rf1 Qe7 23. Nh5 Qg5 24. Ng3 Nb4 25. Rad1 Rc8 26. Be4 d5 27. Bf3 Nxc2 28. Rc1 Ne3 29. Rxc8+ Bxc8 30. Rc1 Bd7 31. Rc7 Ke7 32.
Ra7 Nc4 33. Rxa6 Qc1+ 0-1

[Event "Live Chess"]
[Site "Chess.com"]
[Date "2024.06.02"]
[Round "-"]
[White "chessgoatpawel"]
[Black "SimonBoy1"]
[Result "1-0"]
[WhiteElo "2072"]
[BlackElo "1522"]
[TimeControl "300"]
[EndTime "1:21:52 PDT"]
[Termination "chessgoatpawel won by resignation"]

1. e4 c5 2. c4 e6 3. Nc3 a6 4.
Nf3 b5 5. cxb5 a5 6. d4 d6 7.
dxc5 d5 8. exd5 Bxc5 9. dxe6 Bb6 10. exf7+ Kxf7 11. Ng5+ Ke8 12. Qf3 Ke7 1-0

[Event "Live Chess"]
[Site "Chess.com"]
[Date "2024.06.02"]
[Round "-"]
[White "stevochess11"]
[Black "MagnersCarlsberg2870"]
[Result "1-0"]
[WhiteElo "1694"]
[BlackElo "1822"]
[TimeControl "300"]
[EndTime "1:22:04 PDT"]
[Termination "stevochess11 won by checkmate"]

1. d4 Nf6 2. Nf3 b6 3. e3 Bb7 4. Bd3 d6 5. c4 g6 6. Nc3 Bg7 7. b3 O-O 8. Bb2 c5 9. O-O Nbd7 10. d5 Re8 11. e4 e5 12. Bc1 Nh5 13. Be2 Nf4 14.
Bxf4 exf4 15. Rc1 Ne5 16. Nb1 Bc8 17. Nbd2 f5 18. Nxe5 Bxe5 19. f3 fxe4 20. fxe4 Bd4+ 21. Kh1 Qh4 22. Nf3 Qh5 23. Nxd4 Qh6 24. Nf3 g5 25. Rc3 g4 26. g3 gxf3 27. Rcxf3 Rxe4 28. Rxf4 Rxf4 29. Rxf4 Bh3 30. Bg4 Re8 31. a3 Kh8 32. Qa1+ Kg8 33. Qc3 Rf8 34. Rxf8+ Kxf8 35. Qh8+ Ke7 36.
Bxh3 Qxh3 37. Qg7+ Kd8 38. Qf8+ Kc7 39. Qf7+ Kb8 40.
Qf8+ Kb7 41. Qf7+ Ka6 42. b4 Qg4 43. b5+ Ka5 44. Qxa7# 1-0

[Event "Live Chess"]
[Site "Chess.com"]
[Date "2024.06.02"]
[Round "-"]
[White "Tatarinov_Maxim"]
[Black "CheckThis4"]
[Result "0-1"]
[WhiteElo "2270"]
[BlackElo "2695"]
[TimeControl "300"]
[EndTime "1:22:28 PDT"]
[Termination "CheckThis4 won by resignation"]

1. Nf3 d5 2. g3 g6 3. Bg2 Bg7 4. O-O e5 5. d3 Ne7 6. c4 d4 7. Na3 Nbc6 8. Nc2 Bf5 9. b4 Qd7 10. b5 Nd8 11. a4 Bh3 12. Ba3 Bxg2 13. Kxg2 Ne6 14. e3 O-O 15. exd4 exd4 16. Re1 Rfe8 17. Rb1 Rad8 18. Nb4 c6 19. Qc2 Nf5 20. bxc6 bxc6 21.
Ne5 Bxe5 22. Rxe5 Ng5 23. Rbe1 Ne3+ 24. R1xe3 Qh3+ 25. Kg1 dxe3 26. Rxg5 e2 0-1

[Event "Live Chess"]
[Site "Chess.com"]
[Date "2024.06.02"]
[Round "-"]
[White "Leo_the_Rex"]
[Black "lateforthesky"]
[Result "1-0"]
[WhiteElo "2067"]
[BlackElo "2108"]
[TimeControl "300"]
[EndTime "1:22:32 PDT"]
[Termination "Leo_the_Rex won by checkmate"]

1. d4 Nf6 2. c4 g6 3. h4 Bg7 4. Nc3 d6 5. e4 Nbd7 6. Be2 h5 7.
Bg5 c5 8. d5 a6 9. a4 Qa5 10. Qd2 Ne5 11. f3 Nfd7 12. Nh3 f6 13.
Be3 Qb4 14. b3 Kf7 15. Nf4 Nf8 16. Nd3 Nxd3+ 17. Qxd3 f5 18. Kd2 Qxb3 19. Rhc1 Qb6 20. Rab1 Qc7 21. exf5 Bxf5 22. Ne4 Nh7 23. g4 Bxe4 24.
fxe4 hxg4 25. Bxg4 Nf6 26. Be6+ Ke8 27. e5 Qa5+ 28. Ke2 Nh5 29. Qxg6+ Kd8 30. Rxb7 Qxa4 31. Rd7+ Qxd7 32. Bxd7 Kxd7 33. exd6 Bf6 34. dxe7 Bxe7 35. Qe6+ Kd8 36. d6 Bxh4 37. Bxc5 Re8 38. Bb6# 1-0

[Event "Live Chess"]
[Site "Chess.com"]
[Date "2024.06.02"]
[Round "-"]
[White "LL220284LL"]
[Black "Dhaydon19"]
[Result "0-1"]
[WhiteElo "2496"]
[BlackElo "2633"]
[TimeControl "300"]
[EndTime "1:22:47 PDT"]
[Termination "Dhaydon19 won by resignation"]

1. b3 e6 2. Bb2 d5 3. Nf3 Nf6 4. e3 Bd6 5. Be2 Qe7 6. O-O Nbd7 7. c4 O-O 8. Nc3 c6 9. d4 dxc4 10. Bxc4 e5 11. dxe5 Nxe5 12. Be2 Rd8 13. Qc2 Neg4 14. Rae1 Bc7 15. h3 Ne5 16. Ne4 Nxf3+ 17. Bxf3 Be5 18. Bxe5 Qxe5 19. Nxf6+ Qxf6 20. Qe4 Be6 21. Qb4 Rd7 22.
Rd1 Rad8 23. Rxd7 Rxd7 24. Qc5 a6 25. Rd1 Qd8 26. Rxd7 Qxd7 27. Qe5 g6 28. Kh2 Bf5 29. Qb8+ Kg7 30. g4 Bb1 31. Qe5+ f6 32. Qb2 Qd6+ 33.
Kg2 Bd3 34. Qc3 Bb1 35. Qb2 Bd3 36. Qc2 Bxc2 0-1

[Event "Live Chess"]
[Site "Chess.com"]
[Date "2024.06.02"]
[Round "-"]
[White "resipsa6"]
[Black "GoldsmanB"]
[Result "1-0"]
[WhiteElo "2028"]
[BlackElo "1102"]
[TimeControl "300"]
[EndTime "1:22:55 PDT"]
[Termination "resipsa6 won by resignation"]

1. e4 e6 2. Nf3 d5 3. exd5 exd5 4.
d4 Nf6 5. Bd3 Nc6 6. O-O Bd6 7.
c3 Be6 8. Bg5 Be7 9. Re1 Nd7 10.
Bxe7 Qxe7 11. Nbd2 Qd6 12. Nf1 O-O-O 13. Ng3 Bg4 14. Be2 Rde8 15. Qd2 Nf6 16. h3 Bxf3 17. Bxf3 Re7 18. Rxe7 Qxe7 19. Re1 Qd6 20. Nf5 Qf8 21. Qf4 g6 22. Ne3 Qd6 23. Qxd6 cxd6 24. Nxd5 Nxd5 25. Bxd5 Kd7 26. Bxf7 Rf8 27. Bb3 Ne7 28. Be6+ Kc7 29. Bg4 Nd5 30. Bf3 Nf4 31. Re7+ Kd8 32. Rxb7 Re8 33. Rb8+ Ke7 34. Rxe8+ Kxe8 35. Kf1 Nd3 36. b3 Nc1 37. Ke1 Nxa2 38. Kd2 Kd7 39. Kc2 1-0

[Event "Live Chess"]
[Site "Chess.com"]
[Date "2024.06.02"]
[Round "-"]
[White "matt1979"]
[Black "Ofirgh1234567890"]
[Result "1-0"]
[WhiteElo "1410"]
[BlackElo "1752"]
[TimeControl "300"]
[EndTime "1:23:24 PDT"]
[Termination "matt1979 won by checkmate"]

1. f4 e5 2. fxe5 d6 3. Nf3 Nc6 4. e4 dxe5 5. Bb5 Bd6 6. O-O Nf6 7. d3 O-O 8. Bg5 Bg4 9. Bxc6 bxc6 10. Qe1 h6 11. Bh4 Qb8 12. Bxf6 gxf6 13. Qc1 Qb6+ 14. Kh1 Kg7 15. Nc3 Rab8 16. Rb1 Bb4 17. Ne2 c5 18.
Ng3 c4 19. h3 Be6 20. Nh4 Rh8 21. Nhf5+ Bxf5 22. Nxf5+ Kf8 23. Nxh6 Bc5 24. Nf5 cxd3 25. cxd3 Rd8 26. Qc2 Qb5 27. a3 Rxd3 28. b4 Bb6 29. a4 Qd7 30. Rbd1 Rxd1 31. Rxd1 Qc8 32. Qd3 Ke8 33. Qb5+ Kf8 34. a5 Bf2 35. Qd7 Qxd7 36. Rxd7 Kg8 37. Rxc7 Be1 38. Rxa7 Bxb4 39. Ra8+ Kh7 40.
Rxh8+ Kxh8 41. a6 Bc5 42. g4 Kh7 43. Kg2 Kg6 44. Kf3 Ba7 45. h4 Bc5 46. Ke2 Kh7 47. Kd3 Kg6 48. Kc4 Ba7 49. Kb5 Kh7 50. Kc6 Kg8 51.
Kb7 Kf8 52. Kxa7 Ke8 53. Kb7 Kd7 54. a7 Ke6 55. a8=Q Kd7 56. Qc8# 1-0

[Event "Live Chess"]
[Site "Chess.com"]
[Date "2024.06.02"]
[Round "-"]
[White "RockTroll"]
[Black "MagnersCarlsberg2870"]
[Result "1-0"]
[WhiteElo "2187"]
[BlackElo "1820"]
[TimeControl "300"]
[EndTime "1:23:31 PDT"]
[Termination "RockTroll won by resignation"]

1. Nf3 Nc6 2. g3 d5 3. Bg2 Bg4 4. O-O Qd7 5. d4 h5 6. c4 h4 7.
cxd5 Nd8 8. Nc3 hxg3 9. fxg3 Bh3 10. Ne5 Qg4 11. Nxg4 Bxg4 12. Qb3 1-0

[Event "Live Chess"]
[Site "Chess.com"]
[Date "2024.06.02"]
[Round "-"]
[White "TheSmoulderingMaster"]
[Black "defenderalist"]
[Result "1-0"]
[WhiteElo "1739"]
[BlackElo "1532"]
[TimeControl "300"]
[EndTime "1:23:43 PDT"]
[Termination "TheSmoulderingMaster won by resignation"]

1. e4 c5 2. Nf3 d6 3. d4 cxd4 4. Nxd4 Nf6 5. Nc3 a6 6. Be3 Nc6 7. f3 e6 8. Qd2 Nxd4 9. Bxd4 Be7 10. O-O-O b5 11. g4 b4 12. Ne2 a5 13. h4 e5 14. Be3 Ba6 15. h5 Nd7 16. g5 Bxe2 17. Bxe2 Qc7 18. g6 hxg6 19. hxg6 O-O-O 20. gxf7 Rxh1 21. Rxh1 Rf8 22. Qd5 Nf6 23. Ba6+ Kb8 24. Qb5+ Ka8 25. Bb6 Qd7 26. Qxa5 1-0

[Event "Live Chess"]
[Site "Chess.com"]
[Date "2024.06.02"]
[Round "-"]
[White "Crowded_House"]
[Black "EdenHazard8"]
[Result "0-1"]
[WhiteElo "1666"]
[BlackElo "2190"]
[TimeControl "300"]
[EndTime "1:23:45 PDT"]
[Termination "EdenHazard8 won by checkmate"]

1. d4 Nf6 2. Bg5 d5 3. Nd2 c6 4. c3 Bf5 5. Ngf3 h6 6. Bh4 Nbd7 7. e3 e6 8. Nb3 Bd6 9. Bd3 Bxd3 10. Qxd3 Qe7 11. O-O-O a5 12. Bg3 a4 13. Bxd6 Qxd6 14. Nbd2 a3 15. b3 O-O 16. c4 c5 17. dxc5 Nxc5 18.
Qd4 Nce4 19. Nxe4 Nxe4 20. Kb1 Nxf2 21. cxd5 Nxh1 22. Rxh1 Qxd5 23. Qxd5 exd5 24. Rd1 Rfe8 25. Rxd5 Rxe3 26. Rd2 Rc8 27. Nh4 Rec3 28. Rd1 Rc2 29.
h3 Rb2+ 30. Ka1 Rcc2 31. Rd8+ Kh7 32. Rd1 Rxa2+ 33. Kb1 Rcb2+ 34. Kc1 Ra1# 0-1

[Event "Live Chess"]
[Site "Chess.com"]
[Date "2024.06.02"]
[Round "-"]
[White "gunslinger222"]
[Black "peteopeteo"]
[Result "1-0"]
[WhiteElo "2264"]
[BlackElo "1542"]
[TimeControl "300"]
[EndTime "1:23:49 PDT"]
[Termination "gunslinger222 won by resignation"]

1. d4 d5 2. c4 c6 3. Nc3 Nf6 4.
cxd5 cxd5 5. Bf4 Bf5 6. Qb3 b6 7. Nf3 e6 8. e3 Bd6 9. Bb5+ Ke7 10. Ne5 Nfd7 11. Bxd7 Nxd7 12. Nc6+ 1-0

[Event "Live Chess"]
[Site "Chess.com"]
[Date "2024.06.02"]
[Round "-"]
[White "NAZRIZ1977"]
[Black "vincents82"]
[Result "1/2-1/2"]
[WhiteElo "2133"]
[BlackElo "2013"]
[TimeControl "300"]
[EndTime "1:24:17 PDT"]
[Termination "Game drawn by repetition"]

1. d4 d5 2. Nc3 Nf6 3. Bf4 c6 4.
e3 Bf5 5. f3 h6 6. g4 Bh7 7. h4 Nbd7 8. Bd3 Bxd3 9. Qxd3 e6 10. Nge2 Nb6 11. Kf2 Bd6 12. g5 Bxf4 13. Nxf4 hxg5 14.
hxg5 Rxh1 15. Rxh1 Ng8 16. g6 Qf6 17. gxf7+ Kxf7 18.
Nh5 Qg6 19. Qxg6+ Kxg6 20. Nf4+ Kf6 21. Rg1 g5 22. Nh3 Ne7 23. Nxg5 Nc4 24. b3 Nd6 25.
Nh7+ Kf7 26. e4 dxe4 27. fxe4 Rh8 28. Ng5+ Ke8 29. Nxe6 Rh2+ 30. Rg2 Rh4 31. Ke3 b6 32. a4 Kd7 33. Nf8+ Ke8 34. Ng6 Rh3+ 35. Kd2 Nec8 36.
Rf2 Kd7 37. Ne5+ Ke6 38. Nxc6 Rxc3 39. d5+ Kd7 40. Re2 Rh3 41. e5 Nf5 42. e6+ Kd6 43. c4 a5 44. Kc2 Nce7 45. Nxe7 Nd4+ 46. Kd2 Nxe2 47. Nf5+ Ke5 48. e7 Rh8 49. Ng7 Nd4 50. Kc3 Rh3+ 51. Kb2 Rh2+ 52. Kb1 Rh8 53. e8=Q+ Rxe8 54. Nxe8 Nxb3 55. Kc2 Nc5 56. Nc7 Nxa4 57. Na8 Kd6 58.
Kb3 Nc5+ 59. Kc3 Nd7 60. Kd4 a4 61. Kc3 Kc5 62. Nc7 a3 63. Na6+ Kd6 64. Kb3 Ne5 65.
Nb4 Kc5 66. Na6+ Kd6 67. Nb4 Kc5 68. d6 Kxd6 69. Kxa3 Nxc4+ 70. Kb3 Kc5 71. Nd3+ Kc6 72. Kxc4 b5+ 73. Kb4 Kb6 74. Nc5 Kc6 75. Nd3 Kb6 76.
Nc5 Kc6 77. Nd3 1/2-1/2

[Event "Live Chess"]
[Site "Chess.com"]
[Date "2024.06.02"]
[Round "-"]
[White "ProfessorChess101"]
[Black "Ferrarifan27"]
[Result "1/2-1/2"]
[WhiteElo "2724"]
[BlackElo "2135"]
[TimeControl "300"]
[EndTime "1:24:30 PDT"]
[Termination "Game drawn by repetition"]

1. d4 Nf6 2. Nf3 d5 3. c4 e6 4. Nc3 Bb4 5. Bd2 O-O 6. e3 c6 7. Qc2 Nbd7 8. Bd3 b6 9. Rd1 Bb7 10. a3 Bxc3 11. Bxc3 Qe7 12. O-O h6 13. Ne5 Nxe5 14.
dxe5 Nd7 15. e4 dxc4 16. Bxc4 Rfd8 17. Rd6 c5 18. Rfd1 Nf8 19. Qd3 Rxd6 20. exd6 Qg5 21.
b4 Nd7 22. Ba6 Bxa6 23. Qxa6 Qg4 24. f3 Qf4 25. Qb7 Qe3+ 26. Kh1 Rf8 27. Bxg7 Kxg7 28. Qxd7 cxb4 29. axb4 Qb3 30. Rc1 Qxb4 31. Qc7 a5 32. h4 a4 33. d7 Qe7 34. Qe5+ Kh7 35. Rc8 Qxh4+ 36. Kg1 Qe1+ 37. Kh2 Qh4+ 38. Kg1 Qe1+ 39. Kh2 Qh4+ 40. Kg1 1/2-1/2

[Event "Live Chess"]
[Site "Chess.com"]
[Date "2024.06.02"]
[Round "-"]
[White "RockTroll"]
[Black "LL220284LL"]
[Result "0-1"]
[WhiteElo "2185"]
[BlackElo "2498"]
[TimeControl "300"]
[EndTime "1:24:36 PDT"]
[Termination "LL220284LL won by resignation"]

1. e4 g6 2. d4 Bg7 3. c4 d6 4. Nc3 c5 5. Nge2 cxd4 6. Nxd4 Nc6 7. Be3 Bd7 8. Be2 Nf6 9. O-O O-O 10. Qd2 Ng4 11. Bxg4 Bxg4 12. f3 Bd7 13. Rfd1 Rc8 14. Rac1 Nxd4 15. b3 Nc6 0-1

[Event "Live Chess"]
[Site "Chess.com"]
[Date "2024.06.02"]
[Round "-"]
[White "Bradfield133"]
[Black "chessgoatpawel"]
[Result "1-0"]
[WhiteElo "1884"]
[BlackElo "2008"]
[TimeControl "300"]
[EndTime "1:24:41 PDT"]
[Termination "Bradfield133 won by resignation"]

1. c4 Nf6 2. g3 g6 3. Bg2 Bg7 4. Nc3 O-O 5. e4 d6 6. Nge2 Nc6 7. O-O e5 8. d3 Re8 9. h3 h5 10. f4 exf4 11. Nxf4 Nd7 12. Nfd5 Nf6 13. Bg5 Re6 14. Nb5 Qf8 15. Nbxc7 Nxd5 16. cxd5 1-0

[Event "Live Chess"]
[Site "Chess.com"]
[Date "2024.06.02"]
[Round "-"]
[White "jellhhggffhjjjjjj"]
[Black "AlanBstard10"]
[Result "0-1"]
[WhiteElo "403"]
[BlackElo "1203"]
[TimeControl "300"]
[EndTime "1:24:53 PDT"]
[Termination "AlanBstard10 won by checkmate"]

1. d4 Nf6 2. Nf3 d5 3. Bf4 Bg4 4. e3 Bxf3 5. Qxf3 e6 6. c4 Bd6 7. Nc3 dxc4 8. Bxc4 Bxf4 9. Qxf4 O-O 10. O-O-O Qd6 11.
Qxd6 cxd6 12. h4 d5 13. Bd3 Nc6 14. h5 Rac8 15. h6 g6 16. Kb1 Nb4 17. a3 Nxd3 18. Rxd3 a6 19. Rdd1 b5 20. Ne2 Rc7 21. Ng3 Rfc8 22.
Rd2 Nd7 23. f4 Nb6 24. b3 a5 25. f5 gxf5 26. Nxf5 exf5 27. Rh3 a4 28. Rg3+ Kf8 29. b4 Nc4 30. Rc2 Nxa3+ 31. Ka2 Nxc2 32. Rg7 Nxe3 33.
Rxh7 Rc2+ 34. Ka3 Kg8 35. Rg7+ Kh8 36. Rxf7 R8c3# 0-1